 Dungeon Crawl Stone Soup version 0.31-a0-325-g067879e3d3 (webtiles) character file.

Game seed: 18233516274513346653

2118 Grim the Fighter (level 9, -3/127 HPs)
             Began as a Minotaur Berserker on July 18, 2023.
             Was a Priest of Trog.
             Slain by a two-headed ogre
             ... wielding a +0 giant club
              (30 damage)
             ... on level 7 of the Dungeon.
             The game lasted 00:09:09 (6057 turns).

Grim the Fighter (Minotaur Berserker)               Turns: 6057, Time: 00:09:11

Health: -3/127     AC: 10    Str: 22    XL:     9   Next: 8%
Magic:  8/8        EV:  9    Int:  6    God:    Trog [***...]
Gold:   294        SH:  0    Dex: 12    Spells: 8/8 levels left

rFire   . . .        a - +0 hand axe
rCold   . . .        (no shield)
rNeg    . . .        k - +0 chain mail
rPois   .            (helmet restricted)
rElec   .            (no cloak)
rCorr   .            (no gloves)
SInv    .            (no boots)
Will    .....        (no amulet) Stlth
                     (no ring)
HPRegen 0.41/turn    (no ring)
MPRegen 0.11/turn

%: no passive effects
@: berserking (expiring), very quick
A: horns 2, retaliatory headbutt
a: Renounce Religion, Berserk, Trog's Hand


You were on level 7 of the Dungeon.
You worshipped Trog.
Trog was most pleased with you.
You visited 1 branch of the dungeon, and saw 7 of its levels.
You also visited: Sewer.

You collected 294 gold pieces.

Inventory:

Hand Weapons
 a - a +0 hand axe (weapon)
Missiles
 j - 7 boomerangs
Armour
 b - a +0 animal skin
 h - a +0 ring mail
 k - a +0 chain mail (worn)
Jewellery
 y - a ring of protection from fire
 z - the ring "Nuashum" {rF- rC+++ rN+ Dex-2 Slay+4}
   (You found it on level 6 of the Dungeon)

   [ring of slaying]

   Dex:       It affects your dexterity (-2).
   Slay:      It affects your accuracy & damage with ranged weapons and melee
   (+4).
   rF:        It makes you vulnerable to fire.
   rC:        It renders you almost immune to cold.
   rN:        It protects you from negative energy.
Talismans
 g - a serpent talisman
Scrolls
 c - 6 scrolls of identify {unknown}
 d - 3 scrolls of teleportation {unknown}
 e - 3 scrolls of fear {unknown}
 o - 2 scrolls of vulnerability {unknown}
 q - 2 scrolls of enchant weapon {unknown}
 s - a scroll of immolation {unknown}
 v - a scroll of fog {unknown}
 w - a scroll of torment {unknown}
 x - 2 scrolls of revelation {unknown}
Potions
 f - 4 potions of enlightenment {unknown}
 i - a potion of berserk rage {unknown}
 l - a potion of haste {unknown}
 m - 2 potions of mutation {unknown}
 n - 3 potions of cancellation {unknown}
 p - a potion of invisibility {unknown}
 r - 3 potions of might {unknown}
 t - 2 potions of heal wounds {unknown}
 u - 2 potions of curing {unknown}
 A - 3 potions of degeneration {unknown}


   Skills:
 - Level 10.1 Fighting
 - Level 10.0 Axes
 + Level 6.1 Armour
 - Level 2.1 Dodging


You had 8 spell levels left.
You didn't know any spells.
Your spell library was empty.

Dungeon Overview and Level Annotations

Branches:
Dungeon (7/15)             Temple (0/1) D:4           Sewer (visited)

Altars:
Ashenzari
Cheibriados
Dithmenos
Nemelex Xobeh
Okawaru
Trog
Yredelemnul
The Shining One

Shops:
D:3 [   D:5 :   D:6 :

Annotations:
D:5 1 runed translucent door


Innate Abilities, Weirdness & Mutations

You have a pair of horns on your head.
You reflexively headbutt those who attack you in melee.


Message History

The troll bites you.
* * * LOW HITPOINT WARNING * * *
The troll claws you but does no damage. The troll claws you!
* * * LOW HITPOINT WARNING * * *
You closely miss the troll. Your headbutt misses the troll.
The troll is heavily wounded.
You hit the troll.
The troll is heavily wounded.
You barely miss the troll. You headbutt the troll.
The troll is severely wounded.
The troll bites you but does no damage. The troll claws you!
* * * LOW HITPOINT WARNING * * *
The troll claws you.
* * * LOW HITPOINT WARNING * * *
You slash the troll!
The troll is almost dead.
The troll bites you but does no damage.
The troll claws you but does no damage. x2
A two-headed ogre comes into view.
It is wielding a +0 giant club and a +0 giant spiked club.
The two-headed ogre shouts in stereo!
You hit the troll.
The troll is almost dead.
You slash the troll!
You kill the troll!
Trog accepts your kill.
Your Armour skill increases to level 6!
You have reached level 9!
Your experience leads to an increase in your attributes!
Increase (S)trength, (I)ntelligence, or (D)exterity?
You feel agile. x2
You barely miss the water moccasin.
The water moccasin bites you but does no damage.
You slash the water moccasin!
The water moccasin is heavily wounded.
A sky beast comes into view.
You completely miss the water moccasin.
The water moccasin is heavily wounded.
You slash the two-headed ogre!
The water moccasin bites you but does no damage.
The two-headed ogre hits you with a +0 giant club!!
You die...

#.........# #
######...........#
#.............##.
#.............#.
............#.
..........#:#
#......#S#
#<.....@#
##+##..O# +.$##
#.Y# #... #..#.
#....# #### #


You could see a two-headed ogre, a water moccasin and a sky beast.

Vanquished Creatures
  A troll (D:7)
  A wyvern (D:4)
  A water moccasin (D:6)
  A black bear (D:6)
  An ice beast (D:5)
  An ogre (D:5)
  A kobold brigand (Sewer)
  A bullfrog (D:6)
  A gnoll sergeant (D:6)
  7 scorpions
  2 killer bees (D:5)
  2 hounds
  A gnoll bouda (D:5)
  3 orc priests
  3 iguanas
  2 orc wizards
  10 gnolls
  5 river rats (Sewer)
  13 adders
  2 worms
  3 dart slugs
  11 orcs
  7 endoplasms
  7 giant cockroaches
  9 goblins
  3 hobgoblins
  5 jackals (Sewer)
  4 quokkas
  6 ball pythons
  7 bats
  6 frilled lizards
  8 kobolds
  5 rats
140 creatures vanquished.

Notes
Turn   | Place    | Note
-------+----------+-------------------------------------------
     0 | D:1      | Grim the Minotaur Berserker began the quest for the Orb.
     0 | D:1      | Reached XP level 1. HP: 19/19 MP: 0/0
   729 | D:2      | Found a faded altar of an unknown god.
   734 | D:2      | Reached XP level 2. HP: 23/26 MP: 1/1
   951 | D:2      | Reached skill level 5 in Axes
  1196 | D:2      | Found a glowing golden altar of the Shining One.
  1202 | D:2      | Reached XP level 3. HP: 29/31 MP: 2/2
  1391 | D:3      | Found a glowing golden altar of the Shining One.
  1393 | D:3      | Noticed an angel
  1406 | D:3      | Found a basalt altar of Yredelemnul.
  1485 | D:3      | Reached XP level 4. HP: 39/39 MP: 3/3
  1562 | D:3      | Found Loffaozy's Antique Armour Boutique.
  1698 | D:3      | Found a sparkling altar of Nemelex Xobeh.
  1698 | D:3      | Found a broken altar of Ashenzari.
  2008 | D:4      | Reached XP level 5. HP: 45/45 MP: 4/4
  2157 | D:4      | Reached ** piety under Trog
  2225 | D:4      | Found a glowing drain.
  2229 | Sewer    | Entered a sewer
  2381 | Sewer    | Reached XP level 6. HP: 27/51 MP: 5/5
  3080 | D:4      | Noticed a wyvern
  3092 | D:4      | Killed a wyvern
  3238 | D:4      | Reached XP level 7. HP: 55/57 MP: 6/6
  3401 | D:4      | Found a shadowy altar of Dithmenos.
  3426 | D:4      | Found a staircase to the Ecumenical Temple.
  3515 | D:5      | Entered Level 5 of the Dungeon
  3556 | D:5      | Reached skill level 10 in Axes
  3826 | D:5      | Reached skill level 5 in Fighting
  3947 | D:5      | Found Migera's Vocational Training.
  4200 | D:5      | Found a runed translucent door.
  4202 | D:5      | Found a runed translucent door.
  4215 | D:5      | Reached *** piety under Trog
  4216 | D:5      | Reached XP level 8. HP: 73/73 MP: 7/7
  4539 | D:5      | Found a bloodstained altar of Trog.
  4989 | D:6      | Found a snail-covered altar of Cheibriados.
  4989 | D:6      | Identified the ring "Nuashum" {rF- rC+++ rN+ Dex-2 Slay+4}
  5312 | D:6      | Reached skill level 10 in Fighting
  5692 | D:6      | Found Fytrib's Book Boutique.
  5775 | D:6      | Found an iron altar of Okawaru.
  6041 | D:7      | Reached skill level 5 in Armour
  6042 | D:7      | Noticed a troll
  6052 | D:7      | Noticed a two-headed ogre
  6054 | D:7      | Killed a troll
  6055 | D:7      | Reached XP level 9. HP: 27/85 MP: 8/8
  6057 | D:7      | Slain by a two-headed ogre

Illustrated notes

Levels and vault maps discovered:
D:1:      doesnt_arrival_eight_statues, layout_basic
D:2:      layout_basic, basic_altar, shapermc_ecumenical_altar_starsandcircs,
          minmay_misc_feat_cross
D:3:      layout_rooms, grunt_temple_overflow_holy_war, jmf_multi_god_temple,
          serial_shops, shop
D:4:      layout_rooms, nicolae_dithmenos_shadow_blocks,
          minmay_temple_entry_purple_smoke, gup_sewer_entry_bowl
D:5:      lemuel_insect_pit, layout_loops_cross, lightli_temple_of_fire,
          serial_park_tiny_1, hex_medium, chequers_big_river,
          nicolae_shop_vocational
D:6:      layout_gridville, hellmonk_okawaru_the_only_friend_you_need,
          mainiacjoe_overflow_tiny_flanked, serial_shops, shop, minivault_26,
          grunt_tough_drop
D:7:      layout_gridville, minmay_manual_mess

Skill      XL: |  1  2  3  4  5  6  7  8 |
---------------+-------------------------+-----
Axes           | 4 5 6 8 9 10 | 10.0
Fighting       | 7 10 | 10.1
Armour         | 6 |  6.1
Dodging        | |  2.1

Action                     |  1- 3 |  4- 6 |  7- 9 || total
---------------------------+-------+-------+-------++-------
  Melee: Hand axe          |    57 |   157 |   161 ||   375
         Headbutt          |     8 |    22 |    36 ||    66
         Punch             |     1 |     1 |       ||     2
 Invoke: Berserk           |     1 |     2 |     5 ||     8
         Trog's Hand       |       |     1 |     1 ||     2
   Stab: Sleeping          |     1 |       |       ||     1
 Armour: Animal skin       |     4 |       |       ||     4
         Ring mail         |    10 |       |       ||    10
         Chain mail        |       |    78 |    57 ||   135
  Dodge: Dodged            |    33 |    62 |    61 ||   156

Table legend: (Time is in decaauts)
 A = Elapsed time spent in this place.
 B = Non-inter-level travel time spent in this place.
 C = Inter-level travel time spent in this place.
 D = Time resting spent in this place.
 E = Time spent auto-exploring this place.
 F = Levels seen in this place.
 G = Mean time per level.
                   A        B        C        D        E       F      G
               +--------+--------+--------+--------+--------+-----+--------+
         Total |   6232 |   6114 |    118 |   1044 |   4193 |   8 |  779.0 |
       Dungeon |   5298 |   5180 |    118 |    926 |   3569 |   7 |  756.9 |
         Sewer |    934 |    934 |      0 |    117 |    624 |   1 |  934.0 |
               +--------+--------+--------+--------+--------+-----+--------+

Top non-repeatable levels by time:
     D:5: 1437 daAuts
     D:6: 1090 daAuts
   Sewer: 934 daAuts
     D:3: 767 daAuts
     D:1: 730 daAuts
     D:4: 659 daAuts
     D:2: 595 daAuts
     D:7: 18 daAuts
